 Dungeon Crawl Stone Soup version 0.24-a0-161-g3f7990a (webtiles) character file.

Game seed: 12391107796613833252

102 silenth the Skirmisher (level 4, -8/50 HPs)
             Began as an Ogre Berserker on Mar 6, 2019.
             Was a Believer of Trog.
             Mangled by a small abomination (illusionary) (10 damage)
             ... on level 1 of the Abyss.
             The game lasted 00:02:59 (1957 turns).

silenth the Skirmisher (Ogre Berserker)             Turns: 1957, Time: 00:02:59

Health: -8/50      AC:  5    Str: 21    XL:     4   Next: 78%
Magic:  4/4        EV: 10    Int:  8    God:    Trog [**....]
Gold:   163        SH:  0    Dex:  9    Spells: 3/3 levels left

rFire    . . .     SeeInvis .   a - +0 mace
rCold    . . .     Gourm    .   (no shield)
rNeg     . . .     Faith    .   b - +0 animal skin
rPois    +         Spirit   .   c - +1 hat
rElec    .         Reflect  .   n - +0 cloak
rCorr    .         Harm     .   (gloves unavailable)
MR       .....                  (boots unavailable)
Stlth    +.........             (no amulet)
HPRegen  0.16/turn              q - ring of poison resistance (curse)
MPRegen  0.09/turn              (no ring)

@: no status effects
A: large, unfitting armour, tough skin 1
a: Berserk, Trog's Hand, Renounce Religion


You were on level 1 of the Abyss.
You worshipped Trog.
Trog was pleased with you.
You were not hungry.

You visited 1 branch of the dungeon, and saw 2 of its levels.
You visited the Abyss 1 time.

You collected 163 gold pieces.

Inventory:

Hand Weapons
 a - a +0 mace (weapon)
Missiles
 h - 4 javelins
 k - 6 tomahawks (quivered)
 l - 3 needles of paralysis
Armour
 b - a +0 animal skin (worn)
 c - a +1 hat (worn)
 n - a +0 cloak (worn)
Jewellery
 q - a cursed ring of poison resistance (left hand)
Scrolls
 d - a scroll of blinking {unknown}
 f - 2 scrolls of enchant armour {unknown}
 g - a scroll of enchant weapon {unknown}
 i - 2 scrolls of identify
 j - a scroll of remove curse {unknown}
 o - a scroll of fog {unknown}
 p - a scroll of fear {unknown}
Potions
 m - 2 potions of curing
Comestibles
 e - a ration


   Skills:
 + Level 5.0 Fighting
 * Level 4.0 Maces & Flails
 + Level 1.5 Throwing
 - Level 2.6 Dodging


You had 3 spell levels left.
You didn't know any spells.
Your spell library contained the following spells:

 Spells                   Type           Power        Failure   Level  Hunger
 Sandblast                Erth           #.....       41%         1    ##.....
 Gell's Gravitas          Tloc           #.........   78%         3    ####...
 Recall                   Summ/Tloc      N/A          78%         3    ####...
 Bolt of Magma            Conj/Fire/Erth #.........   100%        5    ######.
 Borgnjor's Vile Clutch   Necr/Erth      #.........   100%        5    ######.


Dungeon Overview and Level Annotations

Branches:
Dungeon (2/15)

Altars:
Elyvilon
Uskayaw
Vehumet

Annotations:
D:2 Crazy Yiuf


Innate Abilities, Weirdness & Mutations

You are too large for most types of armour.
You have tough skin. (AC +1)


Message History

Unknown command.
The small abomination hits you.
The small abomination closely misses you.
The rakshasa weaves an illusion.
The small abomination shimmers and seems to become two!
The small abomination hits you!!
* * * LOW HITPOINT WARNING * * *
The small abomination barely misses you.
Found a phial of floods.
The small abomination barely misses you.
The small abomination hits you but does no damage.
You see here a phial of floods.
The small abomination hits you!
* * * LOW HITPOINT WARNING * * *
As you read the scroll labeled MOSYSHR ISAISK, it crumbles to dust.
It is a scroll of identify.
m - 2 potions of curing;
i - 2 scrolls of identify;
c - a +1 hat (worn)
The small abomination completely misses you.
The small abomination hits you!
You die...

.#▓# . .. ... ..
▒▓... ..▓ §.. ▓▒ ▒..
#.░▓▒▒#░ .#.. .▒▒
.▒▒..##..░░..#░...#
..............$.....#
..............x@..#
.▒▒ .#▒..##..▒▒x.#░.▓
.▒ . ▒..##..▒▒..#.▒
...................▒
. ........ ......#░
.░░..▒▒..▓▓..##..#▒▒
░░ .#▒.. ▓..##..#▒.▒
... ....░..........#
#...#...▓.#........▒


You could see 2 small abominations.

Vanquished Creatures
  Jessica (D:2)
  Terence (D:2)
  An ooze (D:2)
  6 giant cockroaches
  9 hobgoblins
  7 jackals (D:2)
  4 kobolds
  A ball python (D:1)
  3 bats
  4 frilled lizards
  A giant cockroach zombie (D:2)
  2 goblins (D:1)
  5 rats (D:2)
  A fungus (D:2)
46 creatures vanquished.

Notes
Turn   | Place    | Note
-------+----------+-------------------------------------------
     0 | D:1      | silenth the Ogre Berserker began the quest for the Orb.
     0 | D:1      | Reached XP level 1. HP: 24/24 MP: 1/1
   198 | D:1      | Reached skill level 3 in Maces & Flails
   198 | D:1      | Reached XP level 2. HP: 12/32 MP: 2/2
   944 | D:2      | Noticed Jessica
   958 | D:2      | Killed Jessica
   958 | D:2      | Reached skill level 1 in Throwing
   958 | D:2      | Reached XP level 3. HP: 25/40 MP: 3/3
  1238 | D:2      | Reached XP level 4. HP: 47/49 MP: 4/4
  1574 | D:2      | Noticed Terence
  1588 | D:2      | Killed Terence
  1588 | D:2      | Reached skill level 5 in Fighting
  1619 | D:2      | Reached skill level 4 in Maces & Flails
  1717 | D:2      | Reached ** piety under Trog
  1746 | D:2      | Found a radiant altar of Vehumet.
  1746 | D:2      | Found a white marble altar of Elyvilon.
  1747 | D:2      | Found a hide-covered altar of Uskayaw.
  1882 | D:2      | Found a runed translucent door.
  1883 | D:2      | Noticed Crazy Yiuf
  1890 | D:2      | Cast into level 1 of the Abyss (Crazy Yiuf)
  1917 | Abyss:1  | Noticed a thrashing horror
  1918 | Abyss:1  | Identified the Incunabulum of Dusty Displacement
  1929 | Abyss:1  | Found a corrupted altar of Lugonu.
  1934 | Abyss:1  | Noticed a rakshasa
  1935 | Abyss:1  | Noticed a small abomination
  1956 | Abyss:1  | HP: 2/50 [small abomination (illusionary) (11)]
  1957 | Abyss:1  | Mangled by a small abomination (illusionary)

Levels and vault maps discovered:
D:1:      evilmike_arrival_hilbert_curve, layout_basic
D:2:      minmay_skewed_foursquare, layout_basic,
          nicolae_overflow_hidden_temple, st_stairs_8, minmay_pentomino_v4,
          uniq_terence, uniq_crazy_yiuf_cottage, uniq_jessica
Abyss:1

Skill      XL: |  1  2  3  4 |
---------------+-------------+-----
Maces & Flails | 3 4 |  4.0
Throwing       | 1 |  1.5
Fighting       | 5 |  5.0
Dodging        | |  2.6

Action                   |  1- 3 |  4- 6 || total
-------------------------+-------+-------++-------
Melee: Mace              |   104 |    89 ||   193
Throw: Tomahawk          |     3 |       ||     3
  Use: Scroll            |       |     1 ||     1
 Stab: Sleeping          |     1 |       ||     1
  Eat: Chunk             |       |     3 ||     3
       Ration            |       |     1 ||     1
Armor: Animal skin       |    44 |    31 ||    75
Dodge: Dodged            |    58 |    48 ||   106

Table legend:
 A = Non-vault XP
 B = Vault XP
 C = Vault XP percentage of total XP
 D = Non-vault monster count
 E = Vault monster count
 F = Vault count percentage of total count
                 A         B        C        D         E       F
            +---------+---------+-------+---------+---------+-------
      Total |      69 |      78 |  53.1 |      39 |       6 |  13.3
            +---------+---------+-------+---------+---------+-------
        D:1 |      27 |       0 |   0.0 |      16 |       0 |   0.0
        D:2 |      42 |      78 |  65.0 |      23 |       6 |  20.7
            +---------+---------+-------+---------+---------+-------
